 Dungeon Crawl Stone Soup version 0.31.0-32-g396128a36d (webtiles) character file.

Game seed: 14798585415768770978

2356 peterpiraat the Slicer (level 9, 0/69 HPs)
             Began as a Merfolk Gladiator on Mar 11, 2024.
             Was a Believer of Uskayaw.
             Slain by a large abomination (illusionary) (12 damage)
             ... on level 1 of the Abyss on Mar 12, 2024.
             The game lasted 00:19:18 (7069 turns).

peterpiraat the Slicer (Merfolk Gladiator)          Turns: 7069, Time: 00:19:19

Health: 0/69       AC:  5    Str: 14    XL:     9   Next: 44%
Magic:  9/9        EV: 16    Int:  4    God:    Uskayaw [**....]
Gold:   350        SH: 10    Dex: 24    Spells: 8/8 levels left

rFire   . . .        a - +0 rapier
rCold   . . .        w - +0 buckler of Wu Jian, Protecting {Regen+ Int-3 Dex+4}
rNeg    . . .        z - +1 leather armour {rPois}
rPois   +            c - +0 helmet
rElec   .            (no cloak)
rCorr   .            (no gloves)
SInv    .            (no boots)
Will    .....        k - amulet of reflection
Stlth   ++           (no ring)
HPRegen 0.00/turn    (no ring)
MPRegen 0.11/turn

%: reflection
@: about to teleport, sick
A: (nimble swimmer 2), mertail
a: Renounce Religion, Stomp, Line Pass


You were on level 1 of the Abyss.
You worshipped Uskayaw.
Uskayaw was noncommittal.
You visited 2 branches of the dungeon, and saw 8 of its levels.
You visited the Abyss 1 time.

You collected 350 gold pieces.

Inventory:

Hand Weapons
 a - a +0 rapier (weapon)
 n - a +2 dagger of pain
 x - a +0 sling
Missiles
 d - 4 throwing nets (quivered)
 e - a javelin
Armour
 c - a +0 helmet (worn)
 g - a +0 ring mail
 w - the +0 buckler of Wu Jian, Protecting (worn) {Regen+ Int-3 Dex+4}
   (You found it on level 4 of the Dungeon)

   Int-3:     It affects your intelligence (-3).
   Dex+4:     It affects your dexterity (+4).
   Regen+:    It increases your rate of health regeneration.
 z - a +1 leather armour of poison resistance (worn)
Jewellery
 k - an amulet of reflection (around neck)
Wands
 r - a wand of polymorph (9)
 A - a wand of flame (3)
Scrolls
 f - 3 scrolls of immolation
 h - a scroll of fear {unknown}
 m - a scroll of enchant armour {unknown}
 o - a scroll of poison {unknown}
 p - a scroll of enchant weapon {unknown}
 q - a scroll of fog {unknown}
 t - 4 scrolls of teleportation
 y - 3 scrolls of blinking {unknown}
 C - a scroll of silence {unknown}
Potions
 b - a potion of magic
 j - a potion of might {unknown}
 s - 2 potions of cancellation
 u - a potion of mutation
 v - 2 potions of brilliance
 B - 2 potions of enlightenment {unknown}


   Skills:
 - Level 6.0 Fighting
 + Level 13.1 Short Blades
 - Level 2.0 Throwing
 - Level 6.0 Dodging


You had 8 spell levels left.
You didn't know any spells.
Your spell library contained the following spells:

 Spells                   Type           Power      Damage    Failure   Level
 Apportation              Tloc           0%         N/A       69%         1
 Necrotise                Necr           0%         1d4       69%         1
 Sting                    Conj/Alch      0%         1d3       69%         1
 Summon Small Mammal      Summ           0%         N/A       69%         1
 Frozen Ramparts          Ice            0%         1d1       96%         3
 Leda's Liquefaction      Alch/Erth      0%         N/A       100%        4
 Petrify                  Alch/Erth      0%         N/A       100%        4
 Metabolic Englaciation   Hex/Ice        0%         N/A       100%        5


Dungeon Overview and Level Annotations

Branches:
Dungeon (7/15)             Temple (1/1) D:5

Altars:
Ashenzari
Elyvilon
Gozag
Hepliaklqana
Kikubaaqudgha
Makhleb
Nemelex Xobeh
Qazlal
Sif Muna
Trog
Uskayaw
Vehumet
Wu Jian
Xom
Yredelemnul
Zin
The Shining One

Shops:
D:1 !

Annotations:
D:2 1 runed translucent door, Crazy Yiuf
D:6 Maggie
Temple 2 transporters


Innate Abilities, Weirdness & Mutations

((You are very nimble when in or above water. (Stealth+, EV+, Speed+++)))
Your lower body shifts to a powerful aquatic tail in water.


Message History

The small abomination is lightly damaged.
The large abomination completely misses you.
The small abomination hits you!
You hit the small abomination.
The small abomination is moderately damaged.
You block the large abomination's attack.
You hit the small abomination.
The small abomination is moderately damaged.
You block the small abomination's attack.
You hit the small abomination but do no damage.
The small abomination is moderately damaged.
The large abomination hits you!
* * * LOW HITPOINT WARNING * * *
The small abomination misses you.
You hit the small abomination.
The small abomination is heavily damaged.
The large abomination closely misses you.
You puncture the small abomination!
The small abomination is almost destroyed.
The small abomination hits you.
* * * LOW HITPOINT WARNING * * *
You can now pass through a line of other dancers.
You hit the small abomination but do no damage.
The small abomination is almost destroyed.
You block the small abomination's attack.
The large abomination hits you!
* * * LOW HITPOINT WARNING * * *
The rakshasa weaves an illusion.
The large abomination shimmers and seems to become two!
Aiming: Line Pass
Press: ? - help, Dir - move target You can't walk through walls!
Aiming: Line Pass
Press: ? - help, Dir - move target
Okay, then.
You feel better.
You block the small abomination's attack.
The large abomination hits you!
You die...

.... .
#.###..ยง
###..## ..
...
..#..##.#..#
###.#. .#
..#.# #.....
.X.R..
...R..X#...
....#.X##..
R.# .
#..#Xx## #
##..#@# #..#
...##### .#.
.X . .# ....
. # #. ..#.
. . . # .#


You could see a rakshasa, 2 large abominations and a small abomination.

Vanquished Creatures
  An ancient zyme (Abyss:1)
  Grinder (D:6)
  Sigmund (D:2)
  Duvessa (D:5)
  A black bear (D:5)
  2 ogres
  A centaur (D:5)
  2 phantoms (D:5)
  A kobold brigand (D:7)
  3 scorpions
  Dowan (D:5)
  2 jellies
  7 hounds
  2 orc priests
  A sleepcap (D:6)
  Jessica (D:2)
  6 orc wizards
  3 iguanas
  Robin (D:3)
  2 gnolls (D:4)
  8 adders
  A shadow imp (D:6)
  A white imp (D:5)
  2 ribbon worms
  2 dart slugs (D:1)
  21 orcs
  12 bats
  12 endoplasms
  5 giant cockroaches
  13 goblins
  12 hobgoblins
  2 jackals (D:2)
  6 quokkas
  9 ball pythons
  3 frilled lizards
  12 kobolds
  6 rats
167 creatures vanquished.

Notes
Turn   | Place    | Note
-------+----------+-------------------------------------------
     0 | D:1      | peterpiraat the Merfolk Gladiator began the quest for the
                  | Orb.
     0 | D:1      | Reached XP level 1. HP: 16/16 MP: 1/1
    35 | D:1      | Found Jeyluph's Distillery.
   171 | D:1      | Reached XP level 2. HP: 19/23 MP: 2/2
   204 | D:1      | Reached skill level 4 in Short Blades
   460 | D:1      | Reached XP level 3. HP: 21/29 MP: 3/3
  1195 | D:2      | Reached skill level 5 in Short Blades
  1447 | D:2      | Reached XP level 4. HP: 27/35 MP: 4/4
  1610 | D:2      | Found a runed translucent door.
  1611 | D:2      | Noticed Crazy Yiuf
  2023 | D:2      | Reached skill level 6 in Short Blades
  2052 | D:2      | Noticed Jessica
  2063 | D:2      | Killed Jessica
  2064 | D:2      | Reached XP level 5. HP: 36/41 MP: 5/5
  2209 | D:2      | Noticed Sigmund
  3054 | D:3      | Reached skill level 7 in Short Blades
  3155 | D:3      | Noticed Robin
  3164 | D:3      | Killed Robin
  3165 | D:3      | Reached XP level 6. HP: 44/47 MP: 6/6
  3672 | D:4      | Reached skill level 8 in Short Blades
  3919 | D:4      | Reached skill level 5 in Dodging
  4011 | D:4      | Found a broken altar of Ashenzari.
  4030 | D:4      | Identified the +0 buckler of Wu Jian, Protecting {Regen+
                  | Int-3 Dex+4}
  4086 | D:4      | Found a burning altar of Makhleb.
  4218 | D:4      | You fall into a shaft and drop 2 floors!
  4233 | D:6      | Noticed Maggie
  4281 | D:7      | Reached XP level 7. HP: 42/52 MP: 7/7
  4450 | D:7      | Reached skill level 5 in Fighting
  4882 | D:5      | Entered Level 5 of the Dungeon
  4891 | D:5      | Reached XP level 8. HP: 64/64 MP: 8/8
  4924 | D:5      | Found a white marble altar of Elyvilon.
  4975 | D:5      | Found a staircase to the Ecumenical Temple.
  4984 | Temple   | Found a transporter.
  4984 | Temple   | Found a transporter.
  4984 | Temple   | Found a transporter.
  4984 | Temple   | Found a transporter.
  4984 | Temple   | Entered the Ecumenical Temple
  5000 | Temple   | Became a worshipper of Uskayaw the Reveller
  5092 | D:5      | Reached * piety under Uskayaw
  5093 | D:5      | Reached skill level 9 in Short Blades
  5130 | D:5      | Reached ** piety under Uskayaw
  5156 | D:5      | Reached *** piety under Uskayaw
  5164 | D:5      | Reached **** piety under Uskayaw
  5372 | D:2      | Killed Sigmund
  5373 | D:2      | Reached skill level 10 in Short Blades
  5421 | D:5      | Noticed Dowan
  5452 | D:5      | Killed Dowan
  5456 | D:5      | Noticed Duvessa
  5472 | D:5      | Killed Duvessa
  5473 | D:5      | Reached skill level 11 in Short Blades
  6220 | D:5      | Reached XP level 9. HP: 61/69 MP: 9/9
  6565 | D:6      | Noticed Grinder
  6686 | D:6      | Paralysed by Grinder for 4 turns
  6699 | D:6      | Killed Grinder
  6700 | D:6      | Reached skill level 12 in Short Blades
  6877 | D:6      | Found an ornate altar of the Wu Jian Council.
  6973 | Abyss:1  | Cast into level 1 of the Abyss (Maggie)
  7001 | Abyss:1  | Noticed an ancient zyme
  7011 | Abyss:1  | Noticed a large abomination
  7045 | Abyss:1  | Noticed a rakshasa
  7046 | Abyss:1  | Killed an ancient zyme
  7047 | Abyss:1  | Reached skill level 13 in Short Blades
  7049 | Abyss:1  | Noticed a tentacled starspawn
  7068 | Abyss:1  | HP: 2/69 [large abomination (illusionary) (13)]
  7069 | Abyss:1  | Slain by a large abomination (illusionary)

Illustrated notes

Levels and vault maps discovered:
D:1:      dpeg_arrival_oval, layout_basic, serial_shops, shop
D:2:      layout_loops_ring, uniq_sigmund, uniq_crazy_yiuf_cottage, uniq_jessica
D:3:      layout_loops_corners, kennysheep_boxes, uniq_robin
D:4:      wad_woods_tower, layout_loops_ring, bloody_makhleb,
          mainiacjoe_overflow_cross_hatched
D:5:      layout_loops_ring, elyvilon_altar_1, minmay_temple_entry_junction,
          st_stairs_5, minmay_a_box_with_orc_wizards_in_it, uniq_duvessa
D:6:      layout_basic, nzn_wu_jian_council_hall, kennysheep_generic_room_15,
          uniq_maggie, uniq_grinder, uniq_edmund
D:7:      layout_loops_corners, cheibriados_altar_1,
          nicolae_dithmenos_shadow_blocks, kennysheep_nondescript,
          uniq_jeremiah, uniq_menkaure
Temple:   hellmonk_temple_divided_pantheon
Abyss:1:  base: Temple, guppyfry_abyss_exit_imp_island

Skill      XL: |  1  2  3  4  5  6  7  8  9 |
---------------+----------------------------+-----
Short Blades   | 4 5 6 7 8 11 13 | 13.1
Fighting       | 3 6 |  6.0
Dodging        | 6 |  6.0
Throwing       | |  2.0

Action                     |  1- 3 |  4- 6 |  7- 9 || total
---------------------------+-------+-------+-------++-------
  Melee: Rapier            |   117 |   287 |   385 ||   789
         Punch             |     3 |     2 |       ||     5
    Use: Scroll            |       |     3 |     7 ||    10
         Potion            |       |       |     4 ||     4
   Stab: Sleeping          |     1 |       |     2 ||     3
         Paralysed         |       |       |     6 ||     6
 Armour: Leather armour    |    48 |    48 |    85 ||   181
         Ring mail         |       |    58 |    51 ||   109
  Dodge: Dodged            |    67 |   105 |   163 ||   335
  Block: Other             |       |    34 |       ||    34
         Buckler           |       |    11 |   161 ||   172
         Reflection        |       |       |     4 ||     4
